AoeStats
← John Doe

African Clearing

503860717Analyzed
4v4 RM · 1mo ago on Sep 2, 2026· 35m 21s· 8 players
Game mode
Random Map
Map size
Large (8 player)
Population
200
Speed
Normal
Resources
Standard
Victory
Conquest
Starting age
Dark Age
Ending age
Imperial Age
RankedLock teamsTeams togetherTeam positionsShared explorationLock speedFull tech treeHidden civsTurbo modeCheats
Victory
Defeat
🇸🇬 Wei · Singapore
1261
+14
🇨🇳 Berbers · China
1255
+14
1221
+16
🇨🇳 Magyars · China
1220
+16
🇬🇧 Celts · United Kingdom
1276
-18
🇲🇽 Poles · Mexico
1206
-14
🇹🇼 Koreans · Taiwan
1186
-14
🇬🇧 Saracens · United Kingdom
1177
-13
RMXs | Arobledoz
13:25 Feudal Age
14:12 Double-Bit Axe
14:39 Gold Mining
24:13 Castle Age
31:45 Bow Saw
John Doe
5:16 Loom
12:10 Feudal Age
12:43 Man-at-Arms
13:40 Arson
19:41 Scale Mail Armor
22:55 Castle Age
30:42 Fletching
KayL
8:42 Loom
14:31 Feudal Age
20:15 Castle Age
19:15 Double-Bit Axe
19:12 Horse Collar
32:52 Heavy Plow
STRAGEDY
14:02 Feudal Age
15:33 Loom
16:22 Town Watch
18:56 Castle Age
16:47 Double-Bit Axe
21:59 Bow Saw
23:29 Wheelbarrow
26:57 Fletching
28:45 Gold Mining
28:46 Stone Mining
29:54 Hand Cart
35:08 Imperial Age
34:10 Bodkin Arrow
用爱感化队友
9:57 Loom
12:24 Feudal Age
13:05 Loom
21:07 Wheelbarrow
20:57 Bloodlines
24:36 Castle Age
23:06 Scale Barding Armor
23:33 Double-Bit Axe
23:52 Horse Collar
24:39 Light Cavalry
25:20 Husbandry
25:42 Chain Barding Armor
25:48 Bow Saw
35:07 Gold Mining
35:31 Town Watch
精銳萌古騎豬突猛進
5:57 Loom
15:31 Feudal Age
16:07 Double-Bit Axe
22:41 Castle Age
24:09 Bow Saw
23:45 Horse Collar
29:24 Heavy Plow
30:01 Fletching
30:21 Gold Mining
31:28 Padded Archer Armor
36:09 Wheelbarrow
35:19 Town Watch
36:09 Wheelbarrow
35:20 Town Watch
8316699
10:46 Loom
10:53 Loom
13:17 Feudal Age
17:29 Castle Age
16:39 Double-Bit Axe
16:34 Horse Collar
16:49 Fletching
16:59 Padded Archer Armor
19:17 Bow Saw
24:29 Thumb Ring
25:17 Wheelbarrow
30:30 Ballistics
30:36 Bodkin Arrow
32:18 Padded Archer Armor
32:22 Gold Mining
32:51 Stone Mining
34:32 Hand Cart
35:13 Leather Archer Armor
35:13 Bloodlines
35:04 Husbandry
36:34 Gold Shaft Mining
missed and miss
13:02 Feudal Age
17:30 Castle Age
15:22 Double-Bit Axe
15:29 Fletching
16:07 Gold Mining
17:31 Padded Archer Armor
18:19 Bodkin Arrow
18:43 Bow Saw
28:24 Wheelbarrow
27:34 Loom
30:41 Leather Archer Armor
32:33 Ballistics
37:36 Imperial Age
35:46 Stone Mining
36:32 Gold Shaft Mining
Connection lost

Rejoining the realm…

Still unreachable

The connection could not be restored.

Session expired

The server has moved on; the page needs a fresh start.